 Dungeon Crawl Stone Soup version 0.21.1-1-g345015f (webtiles) character file.

1141 LairdRich the Cleaver (level 8, -26/70 HPs)
             Began as a Minotaur Berserker on June 13, 2018.
             Was a Believer of Trog.
             Killed from afar by a jackal (41 damage)
             ... with an exploding inner flame
             ... hexed by the player character
             ... on level 5 of the Dungeon.
             The game lasted 00:15:37 (4525 turns).

LairdRich the Cleaver (Minotaur Berserker)          Turns: 4525, Time: 00:15:39

Health: -26/70     AC: 13    Str: 23    XL:     8   Next: 14%
Magic:  7/7        EV: 17    Int:  4    God:    Trog [**....]
Gold:   255        SH:  0    Dex: 11    Spells: 7/7 levels left

rFire    . . .     SeeInvis .   a - +1 hand axe
rCold    . . .     Gourm    .   (no shield)
rNeg     . . .     Faith    .   t - +2 ring mail {MR+}
rPois    +         Spirit   .   d - +2 hat
rElec    .         Reflect  .   y - +0 cloak
rCorr    .         Harm     .   p - +1 pair of gloves
MR       +....                  (no boots)
Stlth    +.........             (no amulet)
HPRegen  0.21/turn              c - ring of poison resistance
MPRegen  0.10/turn              f - +4 ring of evasion

@: no status effects
A: retaliatory headbutt, horns 2
a: Berserk, Trog's Hand, Burn Spellbooks, Renounce Religion


You were on level 5 of the Dungeon.
You worshipped Trog.
Trog was pleased with you.
You were not hungry.

You visited 1 branch of the dungeon, and saw 5 of its levels.

You collected 255 gold pieces.

Inventory:

Hand Weapons
 a - a +1 hand axe (weapon)
Missiles
 i - 5 tomahawks (quivered)
Armour
 d - a +2 hat (worn)
 g - a scarf of resistance
 p - a +1 pair of gloves (worn)
 t - a +2 ring mail of magic resistance (worn)
 y - a +0 cloak (worn)
Jewellery
 c - a ring of poison resistance (left hand)
 f - a +4 ring of evasion (right hand)
 v - an uncursed ring of fire
 x - an uncursed ring of ice
Wands
 s - a wand of flame (42)
Scrolls
 b - 4 scrolls of identify
 h - a scroll of enchant armour
 m - 3 scrolls of enchant weapon
 q - a scroll of blinking
 u - 2 scrolls of fog
Potions
 e - 2 potions of curing
 j - 4 potions of agility
 k - 2 potions of resistance
 l - a potion of lignification
 r - a potion of brilliance
 w - a potion of heal wounds
Comestibles
 o - 2 rations


   Skills:
 + Level 6.3 Fighting
 * Level 8.1 Axes
 + Level 5.6 Armour
 + Level 5.1 Dodging


You had 7 spell levels left.
You didn't know any spells.

Dungeon Overview and Level Annotations

Branches:
Dungeon (5/15)
 Temple: D:4-7

Altars:
Cheibriados
Okawaru
Ru
Vehumet
Xom
The Shining One


Innate Abilities, Weirdness & Mutations

You reflexively headbutt those who attack you in melee.
You have a pair of horns on your head.


Message History

An ice beast comes into view.
The jackal bites you but does no damage.
The jackal closely misses you. x2; The jackal misses you.
You hit the jackal.
The jackal is severely wounded.
You barely miss the jackal. You hit the jackal.
The jackal explodes!
The fiery explosion engulfs the jackal.
The jackal explodes!
The fiery explosion engulfs the jackal.
The jackal explodes!
The fiery explosion engulfs you! Trog accepts your kill.
The fiery explosion engulfs you!
Ouch! That really hurt!
* * * LOW HITPOINT WARNING * * *
Trog accepts your kill. The fiery explosion engulfs you!
Ouch! That really hurt!
You die...

.. #. .^.
#...##. # ..
......Y#_#.#
#...#?..#..
......... #
....%.#
##.##.#§§#######
......§§@§.....#
.....[#§§##.....
......§§§# #..
...%...<<#
.........#
.....##..# #..##
#..% ..% %.###
.. ###


You could see an ice beast.

Vanquished Creatures
  The ghost of w0lly the Slasher, a novice HuBe of Trog (D:4)
  An ogre (D:4)
  A scorpion (D:4)
  2 electric eels (D:3)
  A jelly (D:4)
  4 orc priests
  2 orc wizards
  Natasha (thrice) (D:3)
  4 worker ants (D:4)
  A mummy (D:4)
  6 adders
  2 worms
  2 dart slugs
  A leopard gecko (D:4)
  10 orcs
  6 bats
  2 giant cockroaches (D:1)
  2 goblins (D:1)
  9 hobgoblins
  8 jackals
  2 quokkas
  3 frilled lizards
  A hobgoblin zombie (D:4)
  A jackal skeleton (D:4)
  8 kobolds
  2 kobold zombies (D:4)
  An orc zombie (D:4)
  6 rats
92 creatures vanquished.

Vanquished Creatures (others)
  5 toadstools (D:1)
5 creatures vanquished.

Grand Total: 97 creatures vanquished

Notes
Turn   | Place    | Note
-------+----------+-------------------------------------------
     0 | D:1      | LairdRich the Minotaur Berserker began the quest for the Orb.
     0 | D:1      | Reached XP level 1. HP: 19/19 MP: 0/0
   474 | D:1      | Reached XP level 2. HP: 27/27 MP: 1/1
   546 | D:1      | Reached skill level 4 in Axes
  1277 | D:2      | Found a radiant altar of Vehumet.
  1285 | D:2      | Reached XP level 3. HP: 31/33 MP: 2/2
  1399 | D:2      | Reached ** piety under Trog
  1449 | D:2      | Found a shimmering altar of Xom.
  1669 | D:2      | Found a sacrificial altar of Ru.
  1686 | D:2      | Reached XP level 4. HP: 38/40 MP: 3/3
  2001 | D:3      | Reached skill level 5 in Axes
  2003 | D:3      | Reached XP level 5. HP: 46/47 MP: 4/4
  2026 | D:3      | Noticed Natasha
  2033 | D:3      | Killed Natasha
  2148 | D:3      | Found a snail-covered altar of Cheibriados.
  2257 | D:3      | Noticed Natasha
  2261 | D:3      | Killed Natasha
  2272 | D:3      | Found a glowing golden altar of the Shining One.
  2292 | D:3      | Noticed Natasha
  2300 | D:3      | Killed Natasha
  2408 | D:3      | Found a transporter.
  2422 | D:3      | Found a transporter.
  2442 | D:3      | Reached XP level 6. HP: 50/55 MP: 5/5
  2445 | D:3      | Reached skill level 5 in Fighting
  2445 | D:3      | Reached skill level 6 in Axes
  2966 | D:4      | Noticed w0lly's ghost (novice HuBe)
  2975 | D:4      | Killed w0lly's ghost
  2975 | D:4      | Reached skill level 7 in Axes
  2975 | D:4      | Reached skill level 5 in Armour
  2975 | D:4      | Reached XP level 7. HP: 62/62 MP: 6/6
  3947 | D:4      | Reached skill level 8 in Axes
  3947 | D:4      | Reached skill level 5 in Dodging
  3947 | D:4      | Reached XP level 8. HP: 70/70 MP: 7/7
  4519 | D:5      | Entered Level 5 of the Dungeon
  4521 | D:5      | Found an iron altar of Okawaru.
  4525 | D:5      | Killed from afar by a jackal

Skill      XL: |  1  2  3  4  5  6  7 |
---------------+----------------------+-----
Axes           | 4 5 7 8 |  8.1
Fighting       | 4 5 6 |  6.3
Armour         | 3 4 5 |  5.6
Dodging        | 3 4 5 |  5.1

Action                   |  1- 3 |  4- 6 |  7- 9 || total
-------------------------+-------+-------+-------++-------
Melee: Hand axe          |    69 |    74 |    54 ||   197
       Headbutt          |     9 |    21 |    12 ||    42
Invok: Berserk           |       |     2 |     1 ||     3
Evoke: Wand              |       |     5 |       ||     5
  Use: Scroll            |     5 |     4 |     9 ||    18
 Stab: Paralysed         |       |     1 |       ||     1
  Eat: Ration            |     1 |       |       ||     1
       Chunk             |    11 |     7 |     1 ||    19
Armor: Animal skin       |     2 |       |       ||     2
       Leather armour    |    13 |    12 |       ||    25
       Ring mail         |       |       |    18 ||    18
Dodge: Dodged            |    63 |    53 |    37 ||   153
